Map: Efflorescence LE

Players

Simmortal

  • Race: Zerg Zerg
  • Spawn Location: 3:00

Seraphe

  • Race: Protoss Protoss
  • Spawn Location: 12:00

qqq - Winner!

  • Race: Zerg Zerg
  • Spawn Location: 6:00

Massa - Winner!

  • Race: Terran Terran
  • League: Gold
  • Spawn Location: 9:00

VOD

Have the link to the VOD?

Description

Time

  • Played on: June 29, 2020, 3:58 p.m.
  • Length: 19:31
Show
View Real Time Build Order
Export as new Build Order

Simmortal Zerg 

Build Orders: Hatch First, Zergling Baneling 

Get SALT Encoding   

  12  0:01  Drone  
  13  0:08  Drone  
  14  0:17  Overlord  
  14  0:35  Drone  
  14  0:36  Drone x2  
  17  0:55  Hatchery  
  16  0:57  Drone  
  17  1:13  Extractor  
  17  1:14  Spawning Pool  
  15  1:19  Drone  
  15  1:20  Drone  
  15  1:23  Drone  
  18  1:31  Drone  
  19  1:44  Overlord  
  19  1:53  Drone  
  20  2:01  Queen  
  20  2:04  Drone  
  20  2:07  Queen  
  25  2:12  Drone  
  25  2:14  Metabolic Boost  
  26  2:21  Zergling x4  
  28  2:36  Zergling x6, Baneling Nest  
  30  2:45  Queen  
  30  2:49  Zergling x2  
  33  2:59  Zergling x6  
  36  3:47  Overlord x6  
  36  3:48  Overlord x2  
  36  4:05  Drone x5  
  36  4:06  Drone  
  40  4:23  Zergling x2  
  40  4:24  Zergling x8  
  44  4:28  Extractor  
  43  4:39  Zergling x6  
  43  4:40  Baneling x6  
  43  4:41  Baneling x5  
  40  5:00  Zergling x2  
  40  5:01  Zergling x6  
  38  5:10  Zergling x4  
  38  5:27  Baneling  
  38  5:28  Baneling x6  
  38  5:34  Zergling x8  
  42  5:39  Drone x2  
  44  5:56  Evolution Chamber  
  43  6:06  Baneling x2  
  43  6:07  Zergling x4  
  43  6:08  Zergling x8  
  49  6:17  Zergling x4  
  49  6:18  Zergling x4  
  53  6:25  Zerg Melee Weapons Level 1  
  53  6:32  Baneling  
  53  6:33  Baneling  
  53  6:34  Zergling x4  
  55  7:01  Drone x2  
  55  7:02  Drone x8  
  65  7:10  Lair  
  65  7:22  Extractor  
  64  7:24  Extractor  
  63  8:08  Overseer  
  63  8:09  Overseer x6  
  63  8:11  Zergling x2  
  63  8:12  Zergling x22  
  75  8:19  Zerg Ground Armor Level 1  
  73  8:37  Hatchery  
  72  8:55  Zergling x12  
  64  9:14  Centrifical Hooks  
  64  9:21  Drone x4, Hydralisk Den  
  51  10:05  Hydralisk  
  51  10:06  Hydralisk x7  
  67  10:08  Grooved Spines  
  67  10:23  Baneling x6  
  67  10:27  Zerg Melee Weapons Level 2  
  67  10:31  Queen  
  69  10:37  Hydralisk x2  
  69  10:38  Hydralisk x4  
  69  10:40  Zergling x2  
  69  10:42  Overlord x5  
  77  10:54  Hydralisk x2  
  80  11:03  Hydralisk x2  
  80  11:04  Hydralisk x3  
  80  11:08  Drone  
  82  11:25  Drone x4  
  85  11:26  Drone  
  87  11:41  Drone x4  
  87  11:45  Queen  
  87  12:31  Zergling x8  
  87  12:32  Zergling x12  
  97  12:53  Pneumatized Carapace  
  74  13:37  Hydralisk Den  
  74  13:39  Drone, Infestation Pit  
  74  13:40  Drone  
  74  13:42  Overlord x3  
  74  13:43  Overlord x7  
  74  13:44  Overlord x2  
  74  13:47  Zerg Missile Weapons Level 1  
  70  14:29  Lurker Den  
  69  14:38  Muscular Augments  
  69  14:41  Hive  
  32  15:41  Hatchery, Hydralisk  
  32  15:42  Hydralisk x8  
  39  15:43  Hydralisk  
  51  16:04  Lurker  
  51  16:05  Lurker x4  
  51  16:07  Hydralisk x4  
Show
View Real Time Build Order
Export as new Build Order

Seraphe Protoss 

Build Orders: Oracle Opening 

Get SALT Encoding   

  1  0:00  Probe  
  12  0:05  Probe  
  14  0:15  Probe  
  15  0:22  Pylon  
  15  0:40  Probe, Gateway  
  16  0:45  Assimilator  
  16  0:52  Probe  
  17  1:04  Probe  
  18  1:15  Assimilator  
  18  1:16  Probe  
  18  1:18  Pylon  
  19  1:28  Probe  
  20  1:33  Cybernetics Core  
  20  1:40  Probe  
  21  1:52  Probe  
  22  1:58  Gateway  
  22  2:01  Pylon  
  22  2:04  Probe  
  22  2:06  Stalker  
  23  2:11  Warp Gate  
  25  2:28  Pylon  
  25  2:35  Adept  
  27  2:46  Stalker  
  29  3:05  Stargate  
  29  3:19  Nexus  
  29  3:20  Probe  
  29  3:21  Pylon  
  30  3:41  Oracle  
  30  3:51  Pylon  
  30  3:55  Probe  
  34  4:07  Probe  
  35  4:19  Probe  
  36  4:31  Probe  
  37  4:33  Oracle  
  37  4:38  Probe  
  38  4:40  Adept x2  
  38  4:43  Probe  
  46  4:50  Probe  
  46  4:51  Gateway  
  47  4:55  Probe  
  48  5:01  Adept x2  
  48  5:02  Probe  
  53  5:07  Probe  
  53  5:09  Pylon  
  53  5:10  Phoenix  
  56  5:31  Adept  
  56  5:35  Adept  
  60  5:36  Probe  
  60  5:37  Probe  
  60  5:39  Assimilator  
  62  5:43  Assimilator  
  62  5:48  Pylon  
  62  5:49  Probe x2  
  64  6:30  Adept x3  
  64  6:32  Probe x2  
  72  6:36  Gateway  
  72  6:39  Pylon  
  72  6:42  Forge  
  72  6:44  Probe x2  
  72  6:45  Void Ray  
  78  6:56  Probe x2  
  81  7:08  Probe x2  
  81  7:10  Adept x3  
  88  7:16  Protoss Ground Weapons Level 1  
  88  7:17  Twilight Council  
  88  7:28  Photon Cannon, Void Ray  
  86  8:01  Stalker x3  
  86  8:02  Stalker  
  86  8:03  Probe x2  
  96  8:12  Photon Cannon  
  96  8:14  Photon Cannon  
  96  8:15  Void Ray  
  96  8:18  Charge  
  96  8:19  Photon Cannon  
  100  8:22  Gateway, Pylon  
  100  8:29  Adept  
  100  8:33  Nexus  
  101  9:07  Void Ray  
  85  9:11  Nexus  
  85  9:14  Pylon  
  85  9:17  Assimilator  
  85  9:19  Zealot x2  
  85  9:20  Zealot x3  
  85  9:21  Assimilator  
  85  9:22  Probe  
  85  9:23  Probe  
  101  9:24  Pylon  
  93  9:39  Void Ray  
  91  9:48  Stalker x3  
  91  9:49  Stalker x2  
  105  10:00  Probe x2  
  107  10:12  Probe x2  
  109  10:19  Phoenix  
  109  10:24  Probe x2  
  114  10:28  Probe  
  114  10:31  Photon Cannon  
  114  10:32  Pylon  
  114  10:34  Zealot x3  
  120  10:36  Probe x2, Photon Cannon  
  120  10:37  Phoenix  
  120  10:39  Photon Cannon  
  120  10:40  Probe  
  125  10:55  Fleet Beacon  
  125  11:02  Phoenix  
  127  11:08  Zealot  
  127  11:09  Zealot x4  
  137  11:25  Phoenix  
  135  11:36  Stalker x3  
  135  11:37  Stalker x2  
  147  11:46  Protoss Air Weapons Level 1  
  147  11:47  Phoenix  
  147  11:49  Pylon  
  147  11:51  Photon Cannon  
  149  11:55  Photon Cannon  
  149  11:56  Gateway, Pylon  
  149  12:08  Phoenix  
  151  12:19  Zealot x5  
  161  12:25  Anion Pulse-Crystals  
  161  12:28  Probe x2  
  161  12:29  Pylon  
  153  13:05  Stalker x2  
  153  13:06  Stalker  
  153  13:07  Stalker  
  149  13:28  Void Ray  
  139  13:40  Flux Vanes  
  135  13:55  Stalker x4  
  139  13:56  Stalker  
  139  13:57  Blink  
  139  14:00  Pylon x2  
  145  14:05  Pylon  
  145  14:15  Pylon  
  145  14:17  Pylon  
  145  14:18  Void Ray  
  145  14:19  Zealot  
  145  14:20  Pylon, Zealot x3  
  101  15:02  Stalker x3  
  101  15:03  Stalker x2  
  111  15:07  Phoenix  
  111  15:09  Pylon  
  113  15:28  Zealot x3  
  113  15:29  Zealot x3  
  113  15:30  Phoenix  
  127  15:37  Gateway  
  127  15:39  Pylon  
  127  15:43  Gateway  
  127  15:46  Pylon  
  127  15:48  Gateway  
  127  15:49  Pylon  
  125  16:11  Zealot  
  125  16:12  Zealot x5  
  137  16:24  Nexus  
  123  16:35  Stalker  
  123  16:36  Stalker x5  
  123  16:37  Stalker  
  137  16:46  Photon Cannon  
  135  16:53  Zealot  
  135  16:54  Zealot  
  125  16:55  Photon Cannon  
  88  17:28  Zealot x3  
  88  17:29  Zealot x5  
  89  17:52  Nexus  
  89  17:53  Pylon  
  89  17:54  Pylon  
  89  17:55  Pylon  
  89  17:56  Assimilator  
  89  17:57  Assimilator  
  69  18:01  Stalker x4  
  69  18:02  Stalker x4  
  85  18:35  Stalker x5  
  85  18:36  Stalker x2  
  99  18:55  Stalker  
  86  19:18  Stalker x2  
  86  19:19  Stalker x4  
  86  19:20  Stalker x2  
Show
View Real Time Build Order
Export as new Build Order

qqq Zerg - Winner!

Build Orders: Hatch First, Zergling Baneling 

Get SALT Encoding   

  12  0:01  Drone  
  13  0:34  Hatchery  
  12  0:40  Drone  
  12  0:41  Drone  
  14  0:47  Extractor, Drone  
  14  0:54  Overlord  
  14  1:12  Spawning Pool  
  13  1:25  Drone  
  13  1:26  Drone x2  
  16  1:53  Drone x2  
  18  1:56  Drone  
  18  2:00  Queen  
  21  2:05  Queen  
  23  2:10  Drone  
  23  2:14  Zergling x2  
  25  2:20  Metabolic Boost  
  25  2:28  Baneling Nest  
  24  2:31  Zergling x2  
  24  2:34  Drone  
  26  2:37  Drone  
  26  2:40  Drone  
  28  2:51  Overlord  
  28  2:54  Overlord  
  28  2:58  Overlord  
  28  3:08  Lair  
  28  3:11  Zergling x2  
  29  3:13  Zergling x2  
  29  3:18  Zergling x2  
  31  3:22  Zergling x2  
  31  3:23  Zergling x2  
  31  3:25  Zergling x2  
  35  3:27  Drone  
  35  3:31  Zergling x2  
  36  3:34  Baneling  
  36  3:35  Baneling x2  
  36  3:39  Zergling x2  
  36  3:40  Zergling x2  
  38  3:42  Drone  
  38  3:45  Baneling  
  38  3:46  Baneling  
  39  3:50  Zergling x2  
  39  3:52  Zergling x2  
  39  3:53  Zergling x2  
  43  3:55  Zergling x2  
  42  4:17  Zergling x6  
  42  4:18  Drone, Zergling x2  
  42  4:19  Zergling x2  
  47  4:39  Zergling x6  
  47  4:40  Drone, Zergling x2  
  47  4:41  Overlord  
  47  4:42  Overlord  
  47  4:45  Baneling x3  
  39  5:08  Baneling x5  
  39  5:09  Zergling x2  
  39  5:10  Drone x2, Zergling x4  
  39  5:11  Drone  
  41  5:34  Extractor  
  40  5:39  Drone x4  
  44  5:45  Zergling x8  
  48  5:53  Hatchery, Spore Crawler  
  48  5:56  Spore Crawler  
  45  6:13  Zergling x4  
  45  6:14  Drone x3  
  45  6:18  Hatchery  
  49  6:23  Spire  
  49  6:32  Zergling x2  
  49  6:33  Zergling x4  
  49  6:39  Zergling x2  
  52  6:40  Drone x3  
  52  6:43  Extractor  
  52  6:45  Drone x3  
  58  6:54  Zergling x2  
  58  6:55  Zergling x2  
  58  7:01  Drone x3  
  62  7:11  Extractor  
  61  7:18  Drone x2  
  63  7:25  Drone x2  
  65  7:34  Drone x3  
  65  7:36  Drone  
  69  7:53  Corruptor x2  
  69  7:54  Mutalisk x3  
  69  7:56  Drone  
  69  7:57  Overlord  
  69  7:58  Overlord x2  
  80  8:02  Spore Crawler  
  80  8:03  Drone, Spine Crawler  
  79  8:06  Drone  
  79  8:07  Overlord x2  
  79  8:08  Overlord  
  80  8:16  Drone x4  
  80  8:18  Mutalisk  
  86  8:39  Mutalisk x5  
  86  8:40  Mutalisk  
  99  8:41  Drone x2  
  99  8:45  Spore Crawler  
  99  8:53  Corruptor  
  88  9:14  Mutalisk x2  
  88  9:15  Zergling x2, Corruptor  
  88  9:17  Drone x2, Zergling x4  
  96  9:18  Drone x3  
  93  9:31  Drone  
  93  9:32  Drone x2, Spine Crawler  
  93  9:33  Spine Crawler  
  94  9:50  Hatchery  
  94  9:51  Mutalisk x3, Zergling x4  
  96  9:56  Drone  
  96  9:57  Drone x3  
  100  10:00  Zerg Flyer Weapons Level 1  
  100  10:05  Drone x2  
  100  10:07  Infestation Pit  
  101  10:10  Corruptor  
  103  10:17  Drone, Spine Crawler  
  103  10:19  Spine Crawler  
  102  10:22  Spine Crawler  
  102  10:23  Spine Crawler  
  100  10:29  Corruptor  
  100  10:31  Mutalisk  
  100  10:33  Drone x4  
  100  10:34  Overlord x4  
  106  10:56  Mutalisk x2  
  106  10:57  Mutalisk  
  112  11:15  Mutalisk x2  
  114  11:24  Drone x2  
  114  11:25  Drone x4  
  120  11:30  Drone x3  
  120  11:31  Corruptor  
  126  11:32  Zergling x2  
  126  11:33  Zergling x6  
  126  11:39  Hatchery  
  128  11:41  Hatchery  
  128  11:42  Hatchery  
  116  12:11  Drone x2  
  116  12:12  Drone x3  
  116  12:14  Spore Crawler  
  116  12:15  Spine Crawler  
  119  12:16  Drone x2  
  119  12:17  Drone x2, Spine Crawler, Corruptor x4  
  119  12:18  Mutalisk  
  132  12:30  Hive  
  132  12:40  Zerg Flyer Armor Level 1  
  128  12:49  Drone x7  
  107  13:09  Mutalisk x3  
  107  13:11  Drone x6  
  101  13:31  Mutalisk x2  
  101  13:33  Drone x3  
  95  13:48  Drone x3  
  95  13:49  Mutalisk x2  
  95  13:58  Extractor  
  95  13:59  Extractor  
  95  14:02  Hatchery  
  92  14:05  Mutalisk x2  
  96  14:10  Drone x2  
  96  14:11  Hatchery  
  97  14:24  Zergling x2  
  97  14:25  Zergling x16  
  97  14:26  Zergling x12  
  97  14:30  Drone x5  
  117  14:40  Mutalisk x4  
  117  14:41  Mutalisk  
  117  14:42  Drone  
  128  14:47  Zergling x10  
  128  14:49  Greater Spire  
  128  14:50  Hatchery  
  132  15:19  Mutalisk x5  
  143  15:21  Zergling x8  
  143  15:22  Zergling x14  
  143  15:23  Zergling x2  
  143  15:24  Drone x3  
  157  15:31  Drone x3  
  157  15:32  Mutalisk  
  157  15:33  Zergling x10  
  167  15:55  Hatchery, Mutalisk, Zergling x14  
  167  15:56  Mutalisk x2, Zergling x2  
  180  15:57  Drone x2  
  180  16:00  Hatchery  
  181  16:04  Hatchery  
  179  16:21  Mutalisk x2  
  179  16:22  Mutalisk x2  
  159  16:37  Corruptor x2  
  159  16:39  Zergling x6  
  163  16:40  Zergling x12  
  163  16:41  Zergling x14  
  155  16:54  Mutalisk x2  
  140  16:55  Overlord x4  
  140  16:56  Drone x2  
  140  16:57  Drone x4  
  145  17:07  Drone x2  
  145  17:08  Drone x4  
  151  17:10  Mutalisk x2  
  151  17:11  Zergling x4  
  151  17:12  Zergling x6  
  151  17:14  Spine Crawler  
  159  17:16  Spine Crawler x2, Spore Crawler  
  159  17:21  Spine Crawler  
  159  17:22  Extractor, Spine Crawler  
  153  17:23  Extractor, Spore Crawler  
  151  17:30  Drone x3  
  151  17:32  Spine Crawler x2  
  151  17:33  Extractor, Spore Crawler  
  151  17:35  Drone x2, Extractor  
  151  17:36  Mutalisk x3  
  157  17:37  Zergling x8  
  157  17:38  Zergling x10  
  166  17:46  Evolution Chamber  
  166  17:48  Evolution Chamber  
  146  18:06  Ultralisk Cavern  
  144  18:27  Zergling x6  
  144  18:28  Zergling x26  
  144  18:29  Zergling x22  
  166  18:46  Drone x8  
  174  18:48  Spine Crawler  
  174  18:50  Spore Crawler  
  165  19:07  Overseer  
  158  19:11  Zergling x2  
  158  19:12  Drone, Zergling x30  
  158  19:13  Drone x3  
  196  19:21  Spine Crawler x2  
Show
View Real Time Build Order
Export as new Build Order

Massa Terran - Winner!

Build Orders: Reaper Expand 

Get SALT Encoding   

  12  0:10  Supply Depot  
  13  0:14  SCV  
  13  0:26  SCV  
  14  0:36  Barracks  
  14  0:39  SCV  
  15  0:51  SCV  
  15  0:55  Refinery  
  16  1:07  SCV  
  17  1:19  SCV  
  17  1:25  Marine  
  19  1:28  Supply Depot  
  19  1:32  Orbital Command  
  19  1:53  Reaper  
  19  2:22  Barracks  
  19  2:26  Reaper, Command Center  
  19  2:28  SCV  
  21  3:04  Marine  
  21  3:10  Supply Depot  
  21  3:12  Marine  
  22  3:21  Refinery  
  22  3:22  Marine  
  23  3:30  Marine  
  24  3:40  Marine  
  24  3:43  Factory  
  24  3:48  SCV, Marine  
  26  3:57  Marine  
  26  4:00  SCV  
  26  4:01  Barracks  
  28  4:05  Barracks  
  28  4:13  SCV  
  26  4:25  SCV  
  26  4:30  SCV  
  28  4:37  SCV  
  29  4:38  Factory Tech Lab  
  29  4:42  SCV, Marine x2  
  32  4:49  SCV  
  32  4:51  Supply Depot  
  33  4:54  SCV  
  33  4:59  Marine  
  34  5:00  Marine  
  34  5:01  SCV  
  37  5:13  SCV  
  38  5:17  Marine  
  38  5:18  Marine  
  35  5:28  Marine x2  
  34  5:29  Siege Tank  
  34  5:35  Marine x2  
  39  5:43  Barracks  
  39  5:45  Marine  
  39  5:46  Marine  
  39  5:47  SCV x2  
  43  5:52  Bunker  
  43  5:53  Marine x2  
  41  6:02  Siege Tank  
  42  6:08  SCV x2  
  33  6:18  Marine  
  33  6:20  SCV  
  33  6:21  SCV  
  34  6:33  SCV  
  37  6:47  Widow Mine  
  37  6:54  Engineering Bay  
  37  6:57  SCV x2  
  39  7:08  Widow Mine  
  41  7:09  SCV x2  
  43  7:21  SCV  
  44  7:23  Orbital Command  
  44  7:29  Widow Mine  
  46  7:33  Barracks Reactor, Barracks Tech Lab, SCV  
  46  7:34  Marine x2  
  49  7:45  SCV  
  49  7:52  Marine  
  49  7:58  SCV  
  49  7:59  Marauder  
  49  8:00  Marine  
  52  8:10  Marine  
  53  8:21  SCV x2, Marauder  
  57  8:28  Terran Infantry Weapons Level 1  
  57  8:29  Barracks Tech Lab  
  57  8:32  Stimpack  
  57  8:33  SCV x2  
  59  8:42  Marauder  
  59  8:45  SCV  
  62  8:51  Supply Depot  
  62  8:52  Supply Depot  
  62  8:53  Supply Depot  
  62  9:12  Marine  
  62  9:13  SCV x2, Marauder, Marine x2  
  62  9:16  Supply Depot  
  69  9:25  SCV x2  
  69  9:30  Marine x3  
  74  9:34  Marauder x2  
  74  9:37  SCV  
  71  9:48  Marine x3  
  55  9:55  Marauder  
  55  9:56  Marauder  
  56  10:06  Widow Mine, Marine x3  
  61  10:08  SCV x2  
  63  10:17  Marauder x2  
  63  10:20  SCV x2  
  69  10:24  Marine x2  
  71  10:30  Command Center  
  71  10:32  SCV  
  71  10:33  Missile Turret  
  72  10:38  Marauder  
  72  10:39  Marauder, Concussive Shells  
  76  10:42  Combat Shield  
  76  10:45  Terran Infantry Armor Level 1  
  76  10:48  Marine  
  76  10:49  Marine x2  
  79  10:53  Missile Turret  
  79  10:59  Marauder  
  79  11:00  Marauder  
  83  11:06  Marine x2  
  83  11:07  Marine  
  83  11:08  Refinery  
  83  11:09  Refinery  
  86  11:15  Missile Turret  
  86  11:20  Siege Tank  
  86  11:21  Marauder, Marine  
  92  11:28  Command Center  
  92  11:31  Marine  
  92  11:32  Marine  
  94  11:41  Supply Depot x3  
  94  11:42  Marauder x2, Marine  
  94  11:46  SCV x2  
  101  11:58  SCV x2  
  101  12:01  Marine x3  
  104  12:04  Marauder x2  
  110  12:10  SCV x2  
  110  12:13  Planetary Fortress  
  112  12:22  SCV x2  
  114  12:24  Siege Tank  
  114  12:25  Marauder x2  
  121  12:34  SCV x2  
  123  12:37  Barracks Tech Lab, Marine x2  
  125  12:46  SCV x2, Marauder x2  
  131  12:55  Marine x2  
  131  12:56  Siege Tank  
  136  12:58  SCV  
  134  13:08  Marauder x2  
  125  13:22  Marauder  
  125  13:23  Marine  
  125  13:24  Marine  
  129  13:28  Siege Tank  
  129  13:29  Marauder x2  
  136  13:40  SCV x3  
  139  13:41  Marine x2  
  139  13:44  Marauder  
  143  13:50  Marauder x2  
  143  13:52  SCV, Command Center  
  148  14:03  Marine x2  
  148  14:10  Supply Depot  
  148  14:11  Supply Depot  
  148  14:12  Supply Depot  
  148  14:15  Marauder  
  148  14:31  SCV x2, Marine x2  
  148  14:32  Marauder x2  
  148  14:33  SCV  
  148  14:36  Supply Depot  
  148  14:37  Marauder, Supply Depot  
  157  14:39  Supply Depot  
  157  14:43  Refinery  
  157  14:45  SCV  
  135  14:49  Marine x2  
  103  14:53  Marauder x2  
  103  14:56  Siege Tank  
  103  14:58  Marauder  
  89  15:07  Marine x2  
  91  15:14  Orbital Command, Marauder x2  
  91  15:15  SCV x3  
  91  15:19  Marauder  
  100  15:25  Marine  
  100  15:27  SCV x3, Marine  
  100  15:28  Siege Tank  
  108  15:36  Marauder x2  
  108  15:39  SCV x2  
  108  15:41  Marauder  
  108  15:42  Marine  
  116  15:44  SCV x2  
  116  15:45  Marine  
  116  15:49  Refinery, Armory  
  120  15:51  SCV  
  120  15:52  SCV  
  120  15:56  SCV x2  
  124  15:57  Marauder x2  
  124  16:00  Marine, Siege Tank  
  124  16:01  Factory  
  124  16:02  Marauder  
  124  16:03  SCV, Marine  
  131  16:10  SCV  
  131  16:11  SCV x2  
  122  16:15  SCV  
  119  16:19  Marauder x2  
  119  16:23  SCV x3, Marauder  
  128  16:26  Planetary Fortress  
  128  16:27  SCV  
  129  16:35  SCV  
  130  16:40  Marauder x2  
  130  16:42  Terran Infantry Armor Level 2  
  130  16:44  Terran Vehicle And Ship Armor Level 1  
  130  16:45  Marauder  
  130  16:46  Barracks  
  136  16:47  Engineering Bay  
  85  17:34  Marauder x3  
  85  17:35  Marine x2  
  90  17:38  Factory Reactor  
  90  17:39  Siege Tank  
  93  17:45  Barracks Tech Lab  
  93  17:49  Barracks  
  93  17:52  SCV  
  93  17:53  SCV x3, Marine x2  
  93  17:55  Marauder  
  93  17:56  Marauder x2  
  93  17:57  SCV  
  95  18:05  SCV x3  
  99  18:09  SCV  
  99  18:10  Marine  
  99  18:11  Marine, Siege Tank  
  100  18:17  SCV x3, Marauder x3  
  100  18:18  Missile Turret  
  108  18:21  SCV  
  109  18:28  Marine  
  109  18:29  SCV x3, Marine  
  109  18:33  SCV  
  113  18:38  Marauder  
  113  18:39  Marauder x3  
  115  18:41  SCV x3  
  115  18:46  SCV, Marine  
  115  18:47  Marine  
  112  18:58  SCV  
  112  18:59  Marauder  
  112  19:00  Marauder x2  
  112  19:01  Marauder  
  121  19:04  Marine x2  
  117  19:10  SCV  
Tags
 
Add a new tag
Caveats
  • Supply blocks, unpowered buildings, or Contaminate may cause inaccurate times.
  • Supply counts are checked every 10 seconds.